 Dungeon Crawl Stone Soup version 0.17.0 (webtiles) character file.

60967 septik the Severer (level 14, -7/132 HPs)
             Began as a Minotaur Berserker on Nov 6, 2015.
             Was the Champion of Trog.
             Mangled by a 20-headed hydra (10 damage)
             ... on level 8 of the Lair of Beasts on Nov 7, 2015.
             The game lasted 01:10:20 (16346 turns).

septik the Severer (Minotaur Berserker)            Turns: 16346, Time: 01:10:20

Health: -7/132     AC: 25    Str: 24    XL:     14   Next: 58%
Magic:  4/4        EV: 13    Int:  4    God:    Trog [******]
Gold:   1138       SH:  0    Dex: 13    Spells: 0 memorised, 13 levels left

rFire  + . .     SeeInvis .     y - +10 battleaxe "Asoxiludgh" {vamp, rPois Stlth+}
rCold  x . .     Clarity  .     h - +0 plate armour
rNeg   + + .     SustAt   +     (shield currently unavailable)
rPois  +         Gourm    .     (helmet restricted)
rElec  .         Spirit   .     E - +0 cloak
rCorr  +         Warding  .     p - +2 pair of gloves
rMut   .         Stasis   .     M - +2 pair of boots
MR     +....                    W - amulet of resist corrosion
Stlth  ..........               b - ring "Kubar" {Fire *Confuse rPois rN++ MP-9}
                                N - ring of sustain attributes

@: somewhat resistant to hostile enchantments, extremely unstealthy
A: retaliatory headbutt, horns 2
a: Berserk, Trog's Hand, Brothers in Arms, Burn Spellbooks, Renounce Religion


You were on level 8 of the Lair of Beasts.
You worshipped Trog.
Trog was exalted by your worship.
You were hungry.

You visited 2 branches of the dungeon, and saw 19 of its levels.
You also visited: Volcano.

You collected 1138 gold pieces.

Inventory:

Hand Weapons
 y - the +10 battleaxe "Asoxiludgh" (weapon) {vamp, rPois Stlth+}
   (You found it on level 4 of the Dungeon)

   It inflicts no extra harm, but heals its wielder somewhat when it strikes a
   living foe.
   It protects you from poison.
   It makes you more stealthy.
Missiles
 e - 869 stones (quivered)
 s - 8 curare-tipped needles
 S - 4 throwing nets
Armour
 h - a +0 plate armour (worn)
 p - a +2 pair of gloves (worn)
 E - a +0 cloak (worn)
 M - a +2 pair of boots (worn)
Jewellery
 b - the ring "Kubar" (right hand) {Fire *Confuse rPois rN++ MP-9}
   (You found it on level 4 of the Dungeon)

   [ring of fire]

   It enhances your fire magic, and weakens your ice magic.
   It protects you from fire.
   It makes you vulnerable to cold.
   It protects you from poison.
   It greatly protects you from negative energy.
   It affects your magic capacity (-9).
   It may confuse you when you take damage.
 H - an uncursed ring of teleportation
 N - a ring of sustain attributes (left hand)
 W - an amulet of resist corrosion (around neck)
Wands
 n - a wand of fire (10)
 L - a wand of fireball (15)
Scrolls
 c - a scroll of vulnerability {unknown}
 g - 4 scrolls of fog
 o - 3 scrolls of remove curse
 x - a scroll of blinking {unknown}
 z - a scroll of immolation {unknown}
 C - 3 scrolls of fear
 K - a scroll of brand weapon {unknown}
 O - 4 scrolls of teleportation
 Q - a scroll of amnesia {unknown}
 U - a scroll of holy word {unknown}
 X - 2 scrolls of magic mapping
Potions
 i - a potion of invisibility
 j - 9 potions of curing
 k - 2 potions of haste
 l - 8 potions of heal wounds
 m - 4 potions of lignification
 t - 2 potions of cancellation
 u - 6 potions of resistance
 v - 2 potions of berserk rage
 A - a potion of cure mutation {unknown}
 D - 2 potions of agility {unknown}
 G - 2 potions of poison {unknown}
 I - a potion of magic {unknown}
Comestibles
 B - 9 bread rations
 T - 7 fruits


   Skills:
 + Level 14.1 Fighting
 * Level 17.9(18.2) Axes
   Level 6.0(13.3) Maces & Flails
 + Level 13.8 Armour
 + Level 12.5 Dodging


You had 13 spell levels left.
You didn't know any spells.

Dungeon Overview and Level Annotations

Branches:
Dungeon (11/15)            Temple (0/1) D:4            Lair (8/8) D:10
  Swamp (0/4) Lair:5        Snake (0/4) Lair:4        Slime (0/6) Lair:7
    Orc: D:9-12

Altars:
Ashenzari
Fedhas
Gozag
Makhleb
Nemelex Xobeh
Okawaru
Qazlal
Sif Muna
Trog
Vehumet
Xom
Yredelemnul
Zin
The Shining One

Shops:
D:8 *:(*

Annotations:
D:6 flight potion for amulet here
D:8 shops


Innate Abilities, Weirdness & Mutations

You reflexively headbutt those who attack you in melee.
You have a pair of horns on your head.


Message History

The 20-headed hydra bites you but does no damage.
You're too confused!
Drink which item? (? for menu, Esc to quit)
You feel better. The 20-headed hydra misses you.
The 20-headed hydra completely misses you.
The 20-headed hydra misses you.
The 20-headed hydra bites you but does no damage.
The 20-headed hydra bites you!
* * * LOW HITPOINT WARNING * * *
The 20-headed hydra bites you but does no damage. x3
The 20-headed hydra misses you. The 20-headed hydra bites you!
* * * LOW HITPOINT WARNING * * *
The 20-headed hydra bites you but does no damage. x4
The 20-headed hydra closely misses you.
The 20-headed hydra completely misses you.
The 20-headed hydra bites you!
* * * LOW HITPOINT WARNING * * *
The 20-headed hydra bites you but does no damage.
The 20-headed hydra bites you!
You die...

. ##P.####.#
#.#.P...P..#
.....P..PP.##
?........P..###
..............##
...............##
.......<†.......# #
...!..†.†......##..#
........††.†@.PPPP..
.........†.D...P....
.#......=††.........
....................
....................
....................
...................
..................
.......PP#.......


You could see a 20-headed hydra.

Vanquished Creatures
  Snorg (D:10)
  A naga warrior (Lair:4)
  A hydra (Lair:7)
  Erica (Lair:1)
  13 death yaks
  A salamander mystic (Volcano)
  Pikel (D:6)
  A manticore (D:11)
  3 hill giants
  2 oklob plants (Lair:7)
  A griffon (Lair:7)
  10 elephants
  5 salamanders (Volcano)
  Maurice (D:10)
  Joseph (D:10)
  2 black mambas
  A torpor snail (Lair:7)
  15 spiny frogs
  3 centaur skeletons
  6 komodo dragons
  3 fire drakes
  2 trolls
  A merfolk (D:10)
  A two-headed ogre (D:11)
  Grinder (D:3)
  A polar bear (Lair:6)
  28 blink frogs
  A shadow (D:11)
  3 basilisks
  3 hungry ghosts (D:10)
  A wyvern (D:9)
  41 yaks
  10 hippogriffs
  17 wolves
  3 nagas (Lair:4)
  4 insubstantial wisps (Lair:5)
  18 water moccasins
  14 swamp worms (Lair:4)
  5 ice beasts
  3 orc warriors
  15 porcupines
  A sky beast (D:10)
  A necrophage (D:10)
  4 slaves (D:6)
  4 centaurs
  8 crocodiles
  2 ogres
  15 giant frogs
  6 big kobolds
  A scorpion (D:9)
  5 wights (D:10)
  2 electric eels
  21 killer bees
  7 crimson imps
  A vampire bat (Lair:6)
  A centaur zombie (D:11)
  4 orc priests
  3 hounds
  A giant frog skeleton (D:9)
  3 jellies
  12 orc wizards
  2 worker ants
  9 iguanas
  3 killer bee zombies
  33 sheep
  2 hound skeletons
  4 gnolls
  39 river rats
  A worker ant zombie (D:7)
  12 adders
  An ooze (D:6)
  3 adder skeletons
  11 worms
  31 orcs
  10 hobgoblins
  13 jackals
  59 kobolds
  12 bats
  8 giant cockroaches
  3 giant geckos
  2 giant gecko skeletons
  5 giant newts
  6 goblins
  4 quokkas
  8 rats
  4 fungi
  6 plants
638 creatures vanquished.

Vanquished Creatures (collateral kills)
  Kirke (Lair:5)
  2 hydras
  2 spiny frogs
  A blink frog (Lair:3)
  A water moccasin (Lair:7)
  A wasp (D:10)
  An iguana (Lair:7)
9 creatures vanquished.

Vanquished Creatures (others)
  A basilisk (Lair:3)
  A worker ant (D:10)
  5 sheep (Lair:3)
  A worker ant zombie (D:10)
  A bush (Lair:6)
  2 fungi
  A plant (Lair:6)
12 creatures vanquished.

Grand Total: 659 creatures vanquished

Notes
Turn   | Place    | Note
--------------------------------------------------------------
     0 | D:1      | septik the Minotaur Berserker began the quest for the Orb.
     0 | D:1      | Reached XP level 1. HP: 19/19 MP: 0/0
   249 | D:1      | Reached skill level 4 in Maces & Flails
   262 | D:1      | Reached XP level 2. HP: 24/26 MP: 1/1
   553 | D:2      | Found a sparkling altar of Nemelex Xobeh.
   553 | D:2      | Found an opulent altar of Gozag.
   684 | D:2      | Reached XP level 3. HP: 33/33 MP: 2/2
   781 | D:2      | Reached ** piety under Trog
   785 | D:2      | Found a glowing silver altar of Zin.
   994 | D:2      | Reached XP level 4. HP: 38/40 MP: 3/3
  1428 | D:3      | Noticed Grinder
  1447 | D:3      | Killed Grinder
  1447 | D:3      | Reached skill level 5 in Maces & Flails
  1447 | D:3      | Reached XP level 5. HP: 35/47 MP: 4/4
  1447 | D:3      | Reached XP level 6. HP: 39/53 MP: 5/5
  1944 | D:3      | Found an iron altar of Okawaru.
  1947 | D:3      | Found a deep blue altar of Sif Muna.
  1950 | D:3      | Found a shattered altar of Ashenzari.
  2150 | D:3      | Reached skill level 6 in Maces & Flails
  2253 | D:4      | Found a bloodstained altar of Trog.
  2288 | D:4      | Got an ancient battleaxe
  2295 | D:4      | Identified the +10 battleaxe "Asoxiludgh" {vamp, rPois Stlth+} (You found it on level 4 of the Dungeon)
  2410 | D:4      | Found a staircase to the Ecumenical Temple.
  2424 | D:4      | Reached *** piety under Trog
  2424 | D:4      | Reached skill level 1 in Axes
  2618 | D:4      | Got a flickering tin ring
  2619 | D:4      | Identified the ring "Kubar" {Fire *Confuse rPois rN++ MP-9} (You found it on level 4 of the Dungeon)
  2877 | D:4      | Found a radiant altar of Vehumet.
  2955 | D:5      | Entered Level 5 of the Dungeon
  2982 | D:5      | Reached skill level 5 in Fighting
  3294 | D:5      | Found a shimmering altar of Xom.
  3295 | D:5      | Found a burning altar of Makhleb.
  3299 | D:5      | Reached skill level 5 in Armour
  3439 | D:5      | Reached XP level 7. HP: 61/61 MP: 6/6
  3607 | D:5      | Reached **** piety under Trog
  3973 | D:6      | Reached XP level 8. HP: 41/70 MP: 7/7
  4005 | D:6      | Reached skill level 5 in Axes
  4005 | D:6      | Reached skill level 5 in Dodging
  4006 | D:6      | Found a stormy altar of Qazlal.
  4300 | D:6      | Noticed Pikel
  4325 | D:6      | Killed Pikel
  4325 | D:6      | Reached skill level 7 in Fighting
  4373 | D:6      | Found a glowing golden altar of the Shining One.
  4672 | D:6      | Reached XP level 9. HP: 69/79 MP: 8/8
  5020 | D:7      | Noticed a hill giant
  5026 | D:7      | Killed a hill giant
  5026 | D:7      | Reached skill level 8 in Axes
  5368 | D:7      | Found a basalt altar of Yredelemnul.
  5546 | D:8      | Found Ymaac's Weapon Shoppe.
  5546 | D:8      | Noticed a hill giant
  5554 | D:8      | Killed a hill giant
  5554 | D:8      | Reached skill level 9 in Axes
  5608 | D:8      | Found Inuped's Book Boutique.
  5631 | D:8      | Found Dul Gox's Assorted Antiques.
  5697 | D:8      | Noticed a centaur skeleton
  5704 | D:8      | Killed a centaur skeleton
  5704 | D:8      | Reached XP level 10. HP: 72/89 MP: 9/9
  5756 | D:8      | Reached skill level 10 in Axes
  5770 | D:8      | Found Dudarroh's Assorted Antiques.
  5839 | D:8      | Reached ***** piety under Trog
  5935 | D:8      | Found a blossoming altar of Fedhas.
  6291 | D:9      | Reached skill level 11 in Axes
  6685 | D:10     | Entered Level 10 of the Dungeon
  6701 | D:10     | Noticed Maurice
  6709 | D:10     | Killed Maurice
  6722 | D:10     | Noticed Joseph
  6745 | D:10     | Killed Joseph
  6745 | D:10     | Reached XP level 11. HP: 66/99 MP: 10/10
  6988 | D:10     | Found a staircase to the Lair.
  7003 | D:10     | Reached skill level 12 in Axes
  7048 | D:10     | Noticed Snorg
  7053 | D:10     | Killed Snorg
  7053 | D:10     | Reached skill level 10 in Fighting
  7238 | D:10     | Received a gift from Trog
  7312 | D:10     | Noticed a hill giant
  7315 | D:10     | Killed a hill giant
  7356 | D:10     | Reached skill level 10 in Armour
  8006 | D:11     | Reached skill level 13 in Axes
  8141 | Lair:1   | Entered Level 1 of the Lair of Beasts
  8472 | Lair:1   | Noticed Erica
  8480 | Lair:1   | Killed Erica
  8646 | Lair:1   | Reached ****** piety under Trog
  8648 | Lair:1   | Received a gift from Trog
  9093 | Lair:2   | Reached XP level 12. HP: 110/110 MP: 11/11
  9358 | Lair:2   | Reached skill level 14 in Axes
  9493 | Lair:2   | Reached skill level 10 in Dodging
 10215 | Lair:3   | Found a shimmering altar of Xom.
 10877 | Lair:3   | Noticed a four-headed hydra
 10886 | Lair:3   | Killed a six-headed hydra
 10929 | Lair:3   | Received a gift from Trog
 10929 | Lair:3   | Reached skill level 15 in Axes
 11257 | Lair:4   | Reached XP level 13. HP: 81/118 MP: 12/12
 11314 | Lair:4   | Noticed a naga warrior
 11316 | Lair:4   | Found a staircase to the Snake Pit.
 11330 | Lair:4   | Killed a naga warrior
 11671 | Lair:4   | Received a gift from Trog
 12357 | Lair:5   | Reached skill level 16 in Axes
 12362 | Lair:5   | Found a staircase to the Swamp.
 12702 | Lair:5   | Noticed Kirke
 12710 | Lair:5   | Killed Kirke
 13339 | Lair:6   | Found a dark tunnel.
 13347 | Volcano  | Entered a volcano
 13769 | Lair:6   | Received a gift from Trog
 13806 | Lair:6   | Reached skill level 17 in Axes
 13821 | Lair:6   | Reached XP level 14. HP: 129/129 MP: 4/13
 14602 | Lair:7   | Found a staircase to the Slime Pits.
 14827 | Lair:7   | Received a gift from Trog
 15256 | Lair:7   | Received a gift from Trog
 16316 | Lair:8   | Entered Level 8 of the Lair of Beasts
 16346 | Lair:8   | HP: 3/132 [20-headed hydra (7)]
 16346 | Lair:8   | Mangled by a 20-headed hydra

Action                   |  1- 3 |  4- 6 |  7- 9 | 10-12 | 13-15 || total
-------------------------+-------+-------+-------+-------+-------++-------
Melee: Mace              |    72 |    49 |       |       |       ||   121
       Battleaxe         |       |    39 |   176 |   481 |   518 ||  1214
Invok: Trog's Hand       |       |     1 |     1 |     1 |     1 ||     4
       Berserk           |       |     1 |     1 |       |       ||     2
       Brothers in Arms  |       |       |     1 |     4 |     2 ||     7
       Burn Spellbooks   |       |       |       |     1 |     1 ||     2
 Abil: Stop Flying       |       |       |       |     1 |       ||     1
       Evoke Flight      |       |       |       |     1 |       ||     1
Evoke: Wand              |       |       |       |       |     1 ||     1
  Use: Scroll            |       |     4 |     2 |    10 |    12 ||    28
       Potion            |       |       |       |       |     1 ||     1
 Stab: Sleeping          |       |     1 |     1 |       |       ||     2
  Eat: Chunk             |       |     5 |     9 |    22 |    17 ||    53
       Bread ration      |       |     2 |       |       |       ||     2
